 Dungeon Crawl Stone Soup version 0.27.1-33-g824d729ab1 (webtiles) character file.

Game seed: 11999090669393674383

4522 SlutHorse69 the Warrior (level 10, -1/160 HPs)
             Began as a Minotaur Fighter on Dec 12, 2021.
             Was a Believer of Trog.
             Slain by a two-headed ogre (20 damage)
             ... on level 8 of the Dungeon on Dec 13, 2021.
             The game lasted 00:25:34 (6309 turns).

SlutHorse69 the Warrior (Minotaur Fighter)          Turns: 6309, Time: 00:25:35

Health: -1/160     AC: 16    Str: 22    XL:     10   Next: 17%
Magic:  0/9        EV:  5    Int:  5    God:    Trog [**....]
Gold:   393        SH: 10    Dex: 12    Spells: 9/9 levels left

rFire    . . .     SeeInvis .   s - +3 mace "Omelette" {vamp, +Rage rCorr}
rCold    . . .     Faith    .   c - +0 kite shield
rNeg     . . .     Spirit   +   n - +3 chain mail
rPois    .         Reflect  .   (helmet unavailable)
rElec    .         Harm     .   (no cloak)
rCorr    +         Rampage  .   u - +0 pair of gloves
Will     ++...                  f - +1 pair of boots
Stlth    ..........             p - amulet of guardian spirit
HPRegen  1.36/turn              (no ring)
MPRegen  0.11/turn              (no ring)

@: berserking, strong-willed, regenerating, very quick
A: horns 3, retaliatory headbutt
a: Renounce Religion, Evoke Berserk Rage, Berserk, Trog's Hand


You were on level 8 of the Dungeon.
You worshipped Trog.
Trog was pleased with you.
You visited 1 branch of the dungeon, and saw 8 of its levels.

You collected 393 gold pieces.

Inventory:

Hand Weapons
 a - a +0 war axe
 l - a +0 shortbow
 r - a +6 halberd
 s - the +3 mace "Omelette" (weapon) {vamp, +Rage rCorr}
   (You found it on level 7 of the Dungeon)

   It occasionally heals its wielder for a portion of the damage dealt when it
   wounds a living foe.
   +Rage:     It lets you go berserk.
   rCorr:     It protects you from acid and corrosion.
Missiles
 e - 65 arrows
 o - 98 bolts
Armour
 c - a +0 kite shield (worn)
 f - a +1 pair of boots (worn)
 n - a +3 chain mail (worn)
 u - a +0 pair of gloves (worn)
Jewellery
 p - an amulet of guardian spirit (around neck)
Wands
 d - a wand of digging (7)
Scrolls
 b - a scroll of silence
 g - 4 scrolls of teleportation
 k - a scroll of summoning
 q - a scroll of identify
Potions
 h - a potion of mutation
 i - a potion of flight
 j - 2 potions of lignification
 m - a potion of curing
 t - a potion of ambrosia {unknown}


   Skills:
 + Level 15.9 Fighting
 - Level 2.5(2.9) Axes
 - Level 1.6(2.3) Maces & Flails
 - Level 1.0(2.0) Polearms
 + Level 4.7 Armour
 - Level 2.8 Stealth
 + Level 4.1 Shields
 - Level 1.1 Unarmed Combat


You had 9 spell levels left.
You didn't know any spells.
Your spell library contained the following spells:

 Spells                   Type           Power      Damage    Failure   Level
 Corona                   Hex            0%         N/A       100%        1
 Ensorcelled Hibernation  Hex/Ice        0%         N/A       100%        2
 Tukima's Dance           Hex            0%         N/A       100%        3


Dungeon Overview and Level Annotations

Branches:
Dungeon (8/15)
 Temple: D:4-7         Lair: D:8-11

Altars:
Ashenzari
Hepliaklqana
Kikubaaqudgha
Okawaru
Ru
Trog
Yredelemnul
Zin
The Shining One

Annotations:
D:4 1 transporter


Innate Abilities, Weirdness & Mutations

You have a pair of large horns on your head.
You reflexively headbutt those who attack you in melee.


Message History

You headbutt the two-headed ogre!
The two-headed ogre is moderately wounded.
The two-headed ogre hits you with a +0 giant spiked club!
The two-headed ogre barely misses you.
You hit the two-headed ogre.
You feel better.
The two-headed ogre is heavily wounded.
The two-headed ogre hits you with a +0 giant spiked club!
The two-headed ogre hits you but does no damage.
You are too injured to fight recklessly!
Your skin crawls.
You feel strong-willed.
The two-headed ogre hits you with a +0 giant spiked club!
You block the two-headed ogre's attack.
A red film seems to cover your vision as you go berserk!
You feel yourself moving faster!
You feel mighty!
The two-headed ogre hits you with a +0 giant spiked club.
You block the two-headed ogre's attack.
You are too injured to fight recklessly!
You are too injured to fight recklessly!
You are too injured to fight recklessly!
You are too injured to fight recklessly!
You are too injured to fight recklessly!
You bludgeon the two-headed ogre!!
Your headbutt misses the two-headed ogre.
The two-headed ogre is severely wounded.
The two-headed ogre hits you with a +0 giant spiked club.
You block the two-headed ogre's attack.
Your shield and chain mail prevent you from hitting the two-headed ogre.
The two-headed ogre is severely wounded.
The two-headed ogre hits you with a +0 giant spiked club!!
* * * LOW HITPOINT WARNING * * *
The two-headed ogre hits you with a +0 giant spiked club!!
* * * LOW HITPOINT WARNING * * *
You barely miss the two-headed ogre.
The two-headed ogre is severely wounded.
You hit the two-headed ogre.
You feel better.
Your headbutt misses the two-headed ogre.
The two-headed ogre is almost dead.
The two-headed ogre hits you with a +0 giant spiked club!!
You die...

###.... # ......#
#. ####.....###
#.##...........
#............##
.....#.....#..#
#.###O..###.#
#..#.@#..#...
#$..........# ..
#.#.#.#.#.... ...
#............ ...
#..#..#..#... #..
.###.###...###.#
##
$.....#.....#..#
.##
#.#####...#......#
..#
#.......<.........


You could see a two-headed ogre.

Vanquished Creatures
  A troll (D:7)
  Grinder (D:3)
  A hornet (D:5)
  Sigmund (D:3)
  9 yaks (D:8)
  Eustachio (D:6)
  The ghost of Cheops the Slasher, an amateur FoAK of Lugonu (D:6)
  Menkaure (D:6)
  2 black bears
  A hornet zombie (D:7)
  An ice beast (D:5)
  3 sky beasts
  2 ogres
  3 centaurs
  3 phantoms
  Blork the orc (D:6)
  2 bullfrogs
  A scorpion (D:6)
  A wyvern skeleton (D:7)
  A water moccasin zombie (D:5)
  A howler monkey (D:8)
  2 bullfrog zombies
  2 hounds
  An orc priest (D:6)
  A centaur skeleton (D:5)
  Ijyb (D:3)
  Terence (D:3)
  Natasha (twice) (D:3)
  2 iguanas
  A howler monkey zombie (D:6)
  A gnoll (D:5)
  A howler monkey skeleton (D:2)
  3 adders
  2 white imps (D:6)
  2 worms (D:2)
  3 dart slugs
  5 orcs
  3 bats
  5 endoplasms
  3 giant cockroaches
  3 goblins
  4 hobgoblins
  3 quokkas
  4 ball pythons
  A frilled lizard (D:2)
  3 kobolds
  6 rats
103 creatures vanquished.

Notes
Turn   | Place    | Note
-------+----------+-------------------------------------------
     0 | D:1      | SlutHorse69 the Minotaur Fighter began the quest for the
                  | Orb.
     0 | D:1      | Reached XP level 1. HP: 19/19 MP: 0/0
   188 | D:1      | Reached XP level 2. HP: 27/27 MP: 1/1
   296 | D:1      | Reached skill level 4 in Fighting
   485 | D:1      | Gained mutation: You have a pair of large horns on your
                  | head. [potion of mutation]
   760 | D:2      | Reached XP level 3. HP: 30/35 MP: 2/2
  1105 | D:2      | Reached skill level 5 in Fighting
  1504 | D:2      | Found a faded altar of an unknown god.
  1515 | D:2      | Became a worshipper of Trog the Wrathful
  1515 | D:2      | Reached * piety under Trog
  2007 | D:3      | Noticed Ijyb
  2009 | D:3      | Killed Ijyb
  2010 | D:3      | Reached XP level 4. HP: 44/44 MP: 3/3
  2134 | D:3      | Noticed Natasha
  2140 | D:3      | Killed Natasha
  2141 | D:3      | Reached skill level 6 in Fighting
  2159 | D:3      | Found an ancient bone altar of Kikubaaqudgha.
  2187 | D:3      | Noticed Terence
  2193 | D:3      | Killed Terence
  2194 | D:3      | Reached XP level 5. HP: 51/51 MP: 4/4
  2221 | D:3      | Noticed Sigmund
  2255 | D:3      | Killed Sigmund
  2256 | D:3      | Reached skill level 7 in Fighting
  2256 | D:3      | Reached skill level 1 in Stealth
  2256 | D:3      | Reached XP level 6. HP: 55/61 MP: 5/5
  2394 | D:3      | Noticed Grinder
  2399 | D:3      | Paralysed by Grinder for 4 turns
  2419 | D:3      | Paralysed by Grinder for 3 turns
  2431 | D:3      | Paralysed by Grinder for 7 turns
  2444 | D:3      | Killed Grinder
  2445 | D:3      | Reached skill level 8 in Fighting
  2688 | D:3      | Noticed Natasha
  2695 | D:3      | Killed Natasha
  2696 | D:3      | Reached skill level 9 in Fighting
  2696 | D:3      | Reached XP level 7. HP: 70/70 MP: 6/6
  2801 | D:4      | Found a transporter.
  2815 | D:4      | Noticed a two-headed ogre
  2815 | D:4      | You fall into a shaft and drop 1 floor!
  2815 | D:5      | Entered Level 5 of the Dungeon
  3022 | D:5      | Reached skill level 10 in Fighting
  3096 | D:5      | Noticed a hornet
  3108 | D:5      | Paralysed by a hornet for 1 turns
  3109 | D:5      | Killed a hornet
  3110 | D:5      | Reached XP level 8. HP: 37/81 MP: 7/7
  3645 | D:5      | Reached skill level 11 in Fighting
  3864 | D:5      | Reached skill level 1 in Unarmed Combat
  4143 | D:6      | Found a runed translucent door.
  4143 | D:6      | Noticed Cheops's ghost (amateur FoAK)
  4167 | D:6      | Killed Cheops's ghost
  4167 | D:6      | Reached ** piety under Trog
  4168 | D:6      | Reached skill level 12 in Fighting
  4264 | D:6      | Noticed Blork the orc
  4274 | D:6      | Killed Blork the orc
  4456 | D:6      | Found a hazy altar of Hepliaklqana.
  4699 | D:6      | Found a sacrificial altar of Ru.
  4699 | D:6      | Noticed Eustachio
  4724 | D:6      | Killed Eustachio
  4725 | D:6      | Reached skill level 13 in Fighting
  4855 | D:6      | Found an iron altar of Okawaru.
  4866 | D:6      | Found a glowing silver altar of Zin.
  4926 | D:6      | Noticed Menkaure
  4934 | D:6      | Reached XP level 9. HP: 93/93 MP: 6/8
  4935 | D:6      | Killed Menkaure
  5139 | D:6      | Found a basalt altar of Yredelemnul.
  5386 | D:7      | Reached skill level 14 in Fighting
  5551 | D:7      | Found a bloodstained altar of Trog.
  5552 | D:7      | Found a broken altar of Ashenzari.
  5611 | D:7      | Found a glowing golden altar of the Shining One.
  5626 | D:7      | Identified the +3 mace "Omelette" {vamp, +Rage rCorr}
  5786 | D:7      | Noticed a troll
  5796 | D:7      | Killed a troll
  5797 | D:7      | Reached skill level 1 in Maces & Flails
  5797 | D:7      | Reached skill level 1 in Polearms
  6061 | D:8      | Reached skill level 15 in Fighting
  6086 | D:8      | Reached XP level 10. HP: 90/106 MP: 6/9
  6295 | D:8      | Noticed a two-headed ogre
  6309 | D:8      | Slain by a two-headed ogre

Illustrated notes

Levels and vault maps discovered:
D:1:      amcnicky_arrival_underground_garden, layout_basic, st_stairs_3,
          serial_bayou_pond_d, chequers_serial_rivers_micro_a, minmay_ruptured
D:2:      layout_basic, hellmonk_ecumenical_altar_crossroads
D:3:      layout_rooms, kiku_gazebo_garden_becter, uniq_grinder, uniq_terence,
          uniq_sigmund, uniq_ijyb, uniq_natasha
D:4:      gammafunk_steamed_eel, layout_cave_pools,
          minmay_temple_entry_offerings, minmay_manual_mail
D:5:      layout_basic, minmay_checkerbox
D:6:      layout_loops_ring, lemuel_coloured_pillars_altar,
          mainiacjoe_overflow_six_doors_small, minitemple,
          gammafunk_ghost_grave, grunt_decor_junction, uniq_blork_the_orc,
          uniq_eustachio, uniq_menkaure
D:7:      layout_cave_pools, chequers_temple_overflow_statue_of_worship
D:8:      layout_loops_ring, eino_small_chamber_without_monster,
          minmay_strange_pillars, minmay_stone_trees_large, kennysheep_donut

Skill      XL: |  1  2  3  4  5  6  7  8  9 10 |
---------------+-------------------------------+-----
Armour         | 4 |  4.7
Fighting       | 4 5 6 7 9 10 13 15 | 15.9
Stealth        | 1 2 |  2.8
Unarmed Combat | 1 |  1.1
Maces & Flails | 1 |  1.6
Polearms       | 1 |  1.0
Shields        | 4 |  4.1
Axes           | |  2.5

Action                   |  1- 3 |  4- 6 |  7- 9 | 10-12 || total
-------------------------+-------+-------+-------+-------++-------
Melee: War axe           |    76 |    31 |   163 |       ||   270
       Headbutt          |     9 |     3 |    51 |    13 ||    76
       Unarmed           |       |     2 |       |       ||     2
       Mace              |       |       |    45 |    34 ||    79
       Halberd           |       |       |    10 |       ||    10
Invok: Berserk           |       |     3 |     6 |     2 ||    11
       Trog's Hand       |       |       |     1 |     1 ||     2
  Use: Potion            |     4 |     1 |     4 |       ||     9
       Scroll            |     5 |     1 |     3 |       ||     9
Armor: Scale mail        |    39 |     5 |       |       ||    44
       Chain mail        |       |    10 |   161 |     5 ||   176
Dodge: Dodged            |    27 |     8 |    69 |     4 ||   108
Block: Kite shield       |    44 |    21 |   151 |    16 ||   232
